 Dungeon Crawl Stone Soup version 0.27.1-4-g1640c2035a (webtiles) character file.

Game seed: 1467149313665496704

3189 Descartes the Conjurer (level 9, 0/45 HPs)
             Began as a Deep Elf Fire Elementalist on Nov 16, 2021.
             Was an Initiate of Gozag.
             Slain by makewrite's ghost (16 damage)
             ... on level 3 of the Dungeon on Nov 17, 2021.
             The game lasted 00:27:59 (10322 turns).

Descartes the Conjurer (DEFE)                      Turns: 10322, Time: 00:28:00

Health: 0/45       AC:  8    Str:  5    XL:     9   Next: 64%
Magic:  16/18      EV: 14    Int: 24    God:    Gozag
Gold:   69         SH:  0    Dex: 15    Spells: 3/18 levels left

rFire    + . .     SeeInvis .   u - +3 quarterstaff (chaos)
rCold    + . .     Faith    .   (shield currently unavailable)
rNeg     . . .     Spirit   .   t - +2 robe {rC+ rF+}
rPois    .         Reflect  .   E - +0 helmet
rElec    .         Harm     .   v - +1 cloak
rCorr    .         Rampage  .   (no gloves)
Will     .....                  o - +0 pair of boots
Stlth    +++.......             n - amulet of magic regeneration
HPRegen  0.15/turn              (no ring)
MPRegen  0.41/turn              (no ring)

@: no status effects
A: no striking features
a: Renounce Religion, Potion Petition, Call Merchant, Bribe Branch


You were on level 3 of the Dungeon.
You worshipped Gozag.
Gozag was noncommittal.
You visited 2 branches of the dungeon, and saw 8 of its levels.
You also visited: Sewer.

You collected 415 gold pieces.
You spent 238 gold pieces at shops.
You paid 108 gold pieces to Gozag.

Inventory:

Hand Weapons
 u - a +3 quarterstaff of chaos (weapon)
 A - a +2 whip of flaming
Missiles
 f - 178 stones
 i - 21 poisoned darts
 q - 3 datura-tipped darts
 s - 17 arrows
Armour
 o - a +0 pair of boots (worn)
 t - a +2 robe of resistance (worn)
 v - a +1 cloak (worn)
 E - a +0 helmet (worn)
 F - the +7 ring mail "Waijez" {*Slow Regen+ Str-2 Dex+6}
   (You found it on level 7 of the Dungeon)

   Str:       It affects your strength (-2).
   Dex:       It affects your dexterity (+6).
   Regen:     It increases your rate of health regeneration.
   *Slow:     It may slow you when you take damage.
 G - the +1 robe "Miaxoir" {rF+ Int-4 Dex+6 Stlth+}
   (You bought it in a shop on level 2 of the Dungeon)

   Int:       It affects your intelligence (-4).
   Dex:       It affects your dexterity (+6).
   rF:        It protects you from fire.
   Stlth:     It makes you more stealthy.
Magical Staves
 x - a staff of conjuration
Jewellery
 n - an amulet of magic regeneration (around neck)
Wands
 a - a wand of iceblast (6)
 g - a wand of polymorph (3)
Scrolls
 d - 2 scrolls of enchant armour
 j - 2 scrolls of silence
 m - 2 scrolls of enchant weapon
 r - a scroll of teleportation
 w - a scroll of identify
 y - a scroll of brand weapon {unknown}
 B - 2 scrolls of amnesia
 D - 4 scrolls of immolation
Potions
 b - 3 potions of might {unknown}
 c - a potion of resistance {unknown}
 e - a potion of magic {unknown}
 h - a potion of berserk rage {unknown}
 k - 2 potions of heal wounds {unknown}
 l - 7 potions of curing {unknown}
 p - a potion of lignification {unknown}
 z - 2 potions of ambrosia {unknown}
 C - 2 potions of attraction {unknown}


   Skills:
 - Level 5.0 Dodging
 - Level 5.0 Stealth
 - Level 5.0 Spellcasting
 - Level 7.0 Conjurations
 + Level 6.9 Transmutations
 - Level 7.0 Fire Magic
 + Level 6.5 Poison Magic


You had 3 spell levels left.
You knew the following spells:

 Your Spells              Type           Power      Damage    Failure   Level
a - Foxfire               Conj/Fire      100%       2x1d9     1%          1
b - Sticky Flame          Conj/Fire      39%        2d6       4%          4
c - Sting                 Tmut/Pois      100%       1d8       1%          1
d - Ignite Poison         Fire/Tmut/Pois 38%        N/A       1%          3
e - Eringya's Noxious Bo  Tmut/Pois      19%        N/A       65%         6

Your spell library contained the following spells:

 Spells                   Type           Power      Damage    Failure   Level
 Conjure Flame            Conj/Fire      39%        6-21      1%          3
 Spider Form              Tmut/Pois      19%        N/A       1%          3
 Inner Flame              Hex/Fire       22%        N/A       6%          3
 Apportation              Tloc           12%        N/A       9%          1
 Corona                   Hex            6%         N/A       9%          1
 Ensorcelled Hibernation  Hex/Ice        12%        N/A       13%         2
 Tukima's Dance           Hex            6%         N/A       26%         3
 Fireball                 Conj/Fire      19%        3d9       14%         5
 Alistair's Intoxication  Tmut/Pois      25%        N/A       16%         5
 Fulminant Prism          Conj/Hex       11%        3d9       21%         4
 Summon Forest            Summ/Tloc      3%         N/A       94%         5
 Invisibility             Hex            3%         N/A       100%        6
 Summon Hydra             Summ           3%         N/A       100%        7


Dungeon Overview and Level Annotations

Branches:
Dungeon (7/15)             Temple (1/1) D:7           Sewer (visited)

Altars:
Ashenzari
Cheibriados
Dithmenos
Elyvilon
Fedhas
Gozag
Hepliaklqana
Kikubaaqudgha
Makhleb
Nemelex Xobeh
Okawaru
Qazlal
Ru
Sif Muna
Trog
Uskayaw
Vehumet
Wu Jian
Xom
Yredelemnul
Zin
The Shining One

Shops:
D:1 !   D:2 *   D:4 [

Annotations:
D:3 makewrite's ghost, amateur MiAK


Message History

You conjure some foxfire!
The foxfire hits makewrite's ghost.
Makewrite's ghost is moderately damaged.
The foxfire hits makewrite's ghost.
Makewrite's ghost is heavily damaged.
Casting: Foxfire (safe; 1% risk of failure)
Confirm with . or Enter, or press ? or * to list all spells.
You conjure some foxfire!
Makewrite's ghost barely misses you.
The foxfire hits makewrite's ghost.
Makewrite's ghost is severely damaged.
Makewrite's ghost closely misses you.
Casting: Foxfire (safe; 1% risk of failure)
Confirm with . or Enter, or press ? or * to list all spells.
You conjure some foxfire!
Makewrite's ghost hits you but does no damage.
The foxfire hits makewrite's ghost.
Makewrite's ghost is severely damaged.
Makewrite's ghost hits you.
You are electrocuted!
Casting: Foxfire (safe; 1% risk of failure)
Confirm with . or Enter, or press ? or * to list all spells.
You conjure some foxfire!
Makewrite's ghost hits you!
The foxfire hits makewrite's ghost but does no damage.
Makewrite's ghost is severely damaged.
Makewrite's ghost holds its blade at the ready.
Makewrite's ghost hits you.
Casting: Foxfire (safe; 1% risk of failure)
Confirm with . or Enter, or press ? or * to list all spells.
You conjure some foxfire!
Makewrite's ghost closely misses you.
The foxfire hits makewrite's ghost.
Makewrite's ghost is severely damaged.
Makewrite's ghost misses you.
Casting: Foxfire (safe; 1% risk of failure)
Confirm with . or Enter, or press ? or * to list all spells.
You conjure some foxfire!
Makewrite's ghost completely misses you.
The foxfire hits makewrite's ghost but does no damage.
Makewrite's ghost is severely damaged.
Makewrite's ghost hits you but does no damage.
You are electrocuted!
You die...
Your body crumbles into a pile of gold.

#.# #.# #.# #.#
#.# ##.####
#.##### #.#
#.....# #.....#
#.# #.....###
#####.# #.#
#........ #.#
#.#######.....###
#.#
#................
#.#
##################
#.#
#@W.....###.$8$(##
#.#
#.#####.##8.....8#
#.# #.#
#.#........( #.#
#.# ##.#.........
#.# #.#
##.##⌠.......⌠ #.#
#.###.###.........
#.# #.##.##
####W''### #.#
#.###.###.........
#.# #.#
##.#v####.....


You could see makewrite's ghost.

Vanquished Creatures
  Pikel (D:5)
  2 hornets (D:7)
  Grinder (D:4)
  A water moccasin (Sewer)
  An orc warrior (Temple)
  A hornet zombie (D:5)
  A black bear (D:4)
  3 ogres
  3 lemures (D:5)
  3 scorpions
  The ghost of Exporg the Skirmisher, a weakling MiFi (D:3)
  The ghost of lasso the Ruffian, a weakling DrTm of Elyvilon (D:3)
  4 wights (D:6)
  A howler monkey (D:5)
  3 bullfrog zombies
  4 hounds
  4 jellies
  Crazy Yiuf (D:4)
  2 centaur zombies
  6 orc priests
  2 bullfrog skeletons (D:6)
  2 iguanas (D:6)
  6 orc wizards
  13 adders
  A worm (D:2)
  4 dart slugs
  24 orcs
  8 ball pythons
  7 endoplasms
  2 giant cockroaches (D:5)
  7 hobgoblins
  4 jackals
  2 quokkas (D:2)
  6 bats
  3 frilled lizards
  3 goblins
  10 kobolds
  4 rats
  A spectral hobgoblin (D:1)
  A spectral orc (D:6)
154 creatures vanquished.

Vanquished Creatures (others)
  975 foxfires
  4 withered plants (D:3)
979 creatures vanquished.

Grand Total: 1133 creatures vanquished

Notes
Turn   | Place    | Note
-------+----------+-------------------------------------------
     0 | D:1      | Descartes the Deep Elf Fire Elementalist began the quest
                  | for the Orb.
     0 | D:1      | Reached XP level 1. HP: 10/10 MP: 6/6
    58 | D:1      | Found a faded altar of an unknown god.
   389 | D:1      | Reached XP level 2. HP: 15/15 MP: 5/8
   603 | D:1      | Found Gimiwn's Distillery.
  1278 | D:2      | Found Mataat's Assorted Antiques.
  1389 | D:2      | Reached XP level 3. HP: 19/19 MP: 1/9
  2390 | D:3      | Reached XP level 4. HP: 24/24 MP: 8/11
  2456 | D:3      | Noticed an ogre
  2460 | D:3      | Killed an ogre
  2461 | D:3      | Reached XP level 5. HP: 28/28 MP: 7/13
  3451 | D:3      | Found a runed translucent gate.
  3452 | D:3      | Found a runed translucent gate.
  3452 | D:3      | Found a runed translucent gate.
  3452 | D:3      | Noticed makewrite's ghost (amateur MiAK)
  3452 | D:3      | Noticed lasso's ghost (weakling DrTm)
  3453 | D:3      | Noticed Exporg's ghost (weakling MiFi)
  3545 | D:4      | Found Raype's Antique Armour Emporium.
  3551 | D:3      | Reached skill level 5 in Fire Magic
  3773 | D:4      | Reached skill level 5 in Spellcasting
  3773 | D:4      | Reached XP level 6. HP: 32/32 MP: 8/15
  4078 | D:4      | Noticed Grinder
  4087 | D:4      | Killed Grinder
  4088 | D:4      | Reached skill level 5 in Conjurations
  4620 | D:4      | Found a runed translucent door.
  4621 | D:4      | Noticed Crazy Yiuf
  4778 | D:4      | Reached XP level 7. HP: 36/36 MP: 11/16
  4957 | D:4      | Learned a level 4 spell: Sticky Flame
  5167 | D:4      | Reached skill level 5 in Dodging
  5167 | D:4      | Reached skill level 5 in Stealth
  5362 | D:4      | Killed Crazy Yiuf
  5490 | D:5      | Entered Level 5 of the Dungeon
  5566 | D:5      | Noticed Pikel
  5684 | D:5      | Found a glowing drain.
  5697 | D:5      | Reached XP level 8. HP: 38/41 MP: 6/17
  5705 | Sewer    | Entered a sewer
  6260 | D:5      | Got the Volume of Ensnaring Contamination
  6263 | D:5      | Learned a level 1 spell: Sting
  6267 | D:5      | Learned a level 3 spell: Ignite Poison
  6771 | D:5      | Killed Pikel
  7340 | D:6      | Reached XP level 9. HP: 45/45 MP: 14/18
  7998 | D:6      | Found a basalt altar of Yredelemnul.
  8109 | D:6      | Reached skill level 5 in Transmutations
  8257 | D:6      | Learned a level 6 spell: Eringya's Noxious Bog
  8319 | D:7      | Reached skill level 5 in Poison Magic
  8444 | D:7      | Found a staircase to the Ecumenical Temple.
  8454 | Temple   | Entered the Ecumenical Temple
  8464 | Temple   | Became a worshipper of Gozag Ym Sagoz the Greedy
  8936 | D:7      | Identified the +7 ring mail "Waijez" {*Slow Regen+ Str-2
                  | Dex+6}
  9417 | D:2      | Bought a fuming brown potion for 28 gold pieces
  9417 | D:2      | Bought a blue potion for 28 gold pieces
  9417 | D:2      | Bought an ichor-stained robe for 182 gold pieces
  9417 | D:2      | Identified the +1 robe "Miaxoir" {rF+ Int-4 Dex+6 Stlth+}
                  | (You bought it in a shop on level 2 of the Dungeon)
  9706 | D:3      | Killed lasso's ghost
 10083 | D:3      | Killed Exporg's ghost
 10322 | D:3      | Slain by makewrite's ghost

Illustrated notes

Levels and vault maps discovered:
D:1:      minmay_arrival_stair_chambers, layout_basic, serial_shops,
          nicolae_shop_trees, dreamdust_ecumenical_altar_drowned_temple,
          wander_ebering_terrifying_dragon_lair
D:2:      layout_loops_cross, serial_shops, nicolae_square_shop
D:3:      layout_loops_ring, gammafunk_ghost_cemetery
D:4:      layout_layer_cave, nicolae_stop_n_shop_1, eino_tiny_chamber,
          uniq_crazy_yiuf_cottage, uniq_grinder
D:5:      layout_basic, gup_sewer_entry_glass, uniq_pikel
D:6:      layout_cave_pools, yredelemnul_forgotten_temple_becter
D:7:      layout_basic, minmay_temple_entry_stoned_glass,
          ebering_dispersal_statue_hall, chequers_serial_rivers_room_b
Temple:   regret_index_temple_sigil_plot

Skill      XL: |  1  2  3  4  5  6  7  8  9 |
---------------+----------------------------+-----
Fire Magic     | 4 5 7 |  7.0
Conjurations   | 2 3 5 6 7 |  7.0
Stealth        | 3 5 |  5.0
Spellcasting   | 4 5 |  5.0
Dodging        | 4 5 |  5.0
Transmutations | 4 6 |  6.9
Poison Magic   | 3 6 |  6.5

Action                   |  1- 3 |  4- 6 |  7- 9 || total
-------------------------+-------+-------+-------++-------
 Cast: Foxfire           |   123 |   101 |   361 ||   585
       Sticky Flame      |       |       |     5 ||     5
       Sting             |       |       |     1 ||     1
       Ignite Poison     |       |       |     1 ||     1
Evoke: Wand              |       |       |     2 ||     2
  Use: Scroll            |       |       |     8 ||     8
Armor: Robe              |     3 |     3 |    17 ||    23
Dodge: Dodged            |     6 |     5 |    72 ||    83
